 Dungeon Crawl Stone Soup version 0.31-a0-881-ge136f0c47a (webtiles) character file.

Game seed: 16841317000616406844

4411 ipx the Spear-Bearer (level 10, -21/47 HPs)
             Began as a Vine Stalker Fighter on Oct 15, 2023.
             Was an Initiate of Ashenzari.
             Demolished by a tengu warrior
             ... wielding a +2 heavy broad axe
              (43 damage)
             ... on level 9 of the Dungeon.
             The game lasted 00:30:13 (2558 turns).

ipx the Spear-Bearer (Vine Stalker Fighter)         Turns: 2558, Time: 00:30:13

Health: -21/47     AC: 13    Str: 24    XL:     10   Next: 36%
Magic:  0/11       EV:  5    Int:  8    God:    Ashenzari [......]
Gold:   351        SH: 10    Dex: 13    Spells: 9/9 levels left

rFire   . . .        a - +8 demon trident "Rift" {distort, reach+}
rCold   . . .        u - +0 kite shield
rNeg    . . .        n - +1 plate armour {Will+}
rPois   .            (no helmet)
rElec   .            (no cloak)
rCorr   .            p - +0 pair of gloves
SInv    .            (no boots)
Will    +++..        (no amulet) Stlth
                     m - ring of willpower
HPRegen 1.07/turn    (no ring)
MPRegen 0.12/turn

%: guardian spirit
@: mighty, lethally poisoned (-21 -> -29), about to teleport
A: fangs 3, regeneration 1, magic shield, antimagic bite, no potion heal 2
a: Renounce Religion


You were on level 9 of the Dungeon.
You worshipped Ashenzari.
Ashenzari was noncommittal.
You visited 2 branches of the dungeon, and saw 10 of its levels.

You collected 351 gold pieces.

Inventory:

Hand Weapons
 a - the +8 demon trident "Rift" (weapon) {distort, reach+}
   (You found it on level 3 of the Dungeon)
Missiles
 b - 2 boomerangs
 D - a curare-tipped dart
Armour
 c - the +0 leather armour of the Ward {rF+ rN+ Dex-3}
   (You found it on level 5 of the Dungeon)

   Dex-3:     It affects your dexterity (-3).
   rF+:       It protects you from fire.
   rN+:       It protects you from negative energy.
 n - a +1 plate armour of willpower (worn)
 p - a +0 pair of gloves (worn)
 u - a +0 kite shield (worn)
Jewellery
 l - a ring of flight
 m - a ring of willpower (left hand)
 w - a ring of wizardry
 z - a ring of protection from cold
 I - a ring of ice
Wands
 r - a wand of charming (8)
 x - a wand of polymorph (5)
 y - a wand of light (11)
Scrolls
 h - 4 scrolls of teleportation
 j - a scroll of silence {unknown}
 k - 3 scrolls of identify {unknown}
 s - a scroll of vulnerability {unknown}
 t - 3 scrolls of fear {unknown}
 v - a scroll of poison {unknown}
Potions
 d - a potion of might
 e - a potion of heal wounds {unknown}
 f - 3 potions of haste {unknown}
 g - a potion of mutation {unknown}
 i - 2 potions of enlightenment {unknown}
 o - a potion of attraction
 q - 2 potions of ambrosia {unknown}
 A - a potion of magic {unknown}
 B - a potion of berserk rage {unknown}
 C - a potion of degeneration {unknown}


   Skills:
 - Level 2.6 Fighting
 - Level 2.5(7.6) Axes
 * Level 11.3(11.4) Polearms
 - Level 2.4 Armour
 - Level 7.0 Shields
 - Level 3.0 Evocations


You had 9 spell levels left.
You didn't know any spells.
Your spell library contained the following spells:

 Spells                   Type           Power      Damage    Failure   Level
 Magic Dart               Conj           0%         1d3       100%        1
 Searing Ray              Conj           0%         2d4       100%        2
 Fulminant Prism          Conj/Hex       0%         3d5       100%        4


Dungeon Overview and Level Annotations

Branches:
Dungeon (9/15)             Temple (1/1) D:5            Lair (0/5) D:8
    Orc: D:9-12

Altars:
Ashenzari
Cheibriados
Dithmenos
Elyvilon
Fedhas
Gozag
Hepliaklqana
Kikubaaqudgha
Makhleb
Nemelex Xobeh
Okawaru
Qazlal
Ru
Sif Muna
Trog
Uskayaw
Vehumet
Wu Jian
Xom
Yredelemnul
Zin
The Shining One

Shops:
D:3 :   D:4 [=   D:5 *   D:7 *

Annotations:
D:9 kae's ghost, novice HOFi


Innate Abilities, Weirdness & Mutations

You have razor-sharp teeth.
Your natural rate of healing is unusually fast.
When hurt, damage is shared between your health and your magic reserves.
Your bite disrupts and absorbs the magic of your enemies.
Potions cannot restore your health.


Message History

You climb downwards.
The troll shouts!
You hear two shouts!
Found 2 curare-tipped darts.
Found a transporter.
There is a stone staircase leading up here.
Found a fizzy blue potion, a falchion and 6 poisoned darts.
Found a bloodstained altar of Trog.
There is a transporter here.
You enter the transporter and appear at another place.
A moth of wrath, a two-headed ogre, a tengu warrior, 2 orc warriors and a kae's ghost come into view.
The two-headed ogre is wielding a +2 heavy dire flail and a +0 antimagic giant spiked club.
The tengu warrior is wielding a +2 heavy broad axe.
The moth of wrath's fur bristles in rage as it notices you.
The two-headed ogre shouts in stereo!
The orc warrior shouts!
The tengu warrior shouts!
The orc warrior shouts!
Kae's ghost turns its malevolent gaze towards you.
The orc warrior moves out of view.
You feel very mighty all of a sudden.
The tengu warrior hits you with a +2 heavy broad axe!
The tengu warrior pecks you but does no damage.
The tengu warrior claws you but does no damage.
The tengu warrior blocks your attack.
The moth of wrath goads the two-headed ogre on!
The two-headed ogre goes berserk!
The moth of wrath goads the tengu warrior on!
The tengu warrior goes berserk!
The tengu warrior blocks your attack. Kae's ghost hits you!
You are poisoned.
You block the tengu warrior's attack. The tengu warrior barely misses you.
The tengu warrior claws you!
Okay, then.
Unknown command.
As you read the scroll labelled ICOSEZ USAE, it crumbles to dust.
You feel strangely unstable.
It was a scroll of teleportation.
You feel very sick.
The moth of wrath goads the orc warrior on!
The orc warrior goes berserk!
Kae's ghost hits you but does no damage.
You are more poisoned.
The tengu warrior hits you with a +2 heavy broad axe!!!
Ouch! That really hurt!
You die...

......# #### ...
##...# ..## #
#...... #..# ##.
....# #. ..#
#..##.o..#≈#..##.##
#..#OQo...(#.(.#..##
#.©#@Wy# §!...T#©..#
#..#..#≈..)##..#..<#
......##.#
.#≈#.##...# ......
#. # #....# ...## ..
#....# .. ##.
#.....# . ##
.......# ..........#
........#


You could see a tengu warrior (berserk), a two-headed ogre (berserk), a moth of
wrath, 2 orc warriors and kae's ghost.

Vanquished Creatures
  An ugly thing (D:7)
  A hornet (D:8)
  6 yaks (D:8)
  2 steam dragons (D:7)
  Menkaure (D:6)
  2 orc warriors
  A sky beast (D:7)
  An ice beast (D:7)
  4 black bears
  A centaur (D:8)
  A phantom (D:5)
  3 kobold brigands
  Blork the orc (D:6)
  2 bullfrogs
  A gnoll sergeant (D:4)
  6 scorpions
  3 wights (D:8)
  3 jellies
  7 hounds
  2 sleepcaps
  Ijyb (D:4)
  3 iguanas
  An orc wizard (D:6)
  4 gnolls
  3 adders
  A white imp (D:6)
  4 ufetubi
  A worm (D:4)
  5 orcs
  2 bats
  2 endoplasms
  6 giant cockroaches
  4 goblins
  3 hobgoblins
  19 kobolds
  A quokka (D:4)
  5 ball pythons
  2 frilled lizards (D:3)
  2 rats
118 creatures vanquished.

Notes
Turn   | Place    | Note
-------+----------+-------------------------------------------
     0 | D:1      | ipx the Vine Stalker Fighter began the quest for the Orb.
     0 | D:1      | Reached XP level 1. HP: 11/11 MP: 2/2
   123 | D:1      | Reached XP level 2. HP: 16/16 MP: 3/3
   184 | D:3      | Found the +8 demon trident "Rift" {distort, reach+}
   328 | D:3      | Reached skill level 1 in Polearms
   332 | D:3      | Reached XP level 3. HP: 19/19 MP: 4/4
   377 | D:3      | Found a glowing golden altar of the Shining One.
   405 | D:3      | Found a shimmering blue altar of Sif Muna.
   405 | D:3      | Found an opulent altar of Gozag.
   443 | D:3      | Reached skill level 2 in Polearms
   444 | D:3      | Found Voisyq's Book Shop.
   589 | D:4      | Found Repsash's Antique Armour Boutique.
   688 | D:4      | Found a hide-covered altar of Uskayaw.
   691 | D:4      | Reached XP level 4. HP: 23/23 MP: 5/5
   697 | D:4      | Noticed a scorpion
   701 | D:4      | Reached skill level 3 in Polearms
   702 | D:4      | Banished a scorpion
   703 | D:4      | Reached XP level 5. HP: 27/27 MP: 6/6
   762 | D:5      | Entered Level 5 of the Dungeon
   781 | D:5      | Reached skill level 4 in Polearms
   794 | D:5      | Reached XP level 6. HP: 12/32 MP: 5/7
   850 | D:5      | Found Etseett's Lightly-Used Armoury.
   895 | D:4      | Reached skill level 5 in Polearms
   985 | D:4      | Found Miunei Alaa's Jewellery Shoppe.
  1121 | D:4      | Noticed a black bear
  1124 | D:4      | Killed a black bear
  1125 | D:4      | Reached skill level 1 in Evocations
  1137 | D:4      | Found a radiant altar of Vehumet.
  1137 | D:4      | Found a blossoming altar of Fedhas.
  1156 | D:4      | Reached XP level 7. HP: 21/35 MP: 3/8
  1185 | D:4      | Noticed Ijyb
  1192 | D:4      | Killed Ijyb
  1214 | D:5      | Identified the +0 leather armour of the Ward {rF+ rN+
                  | Dex-3}
  1248 | D:5      | Reached skill level 6 in Polearms
  1284 | D:5      | Found a shadowy altar of Dithmenos.
  1284 | D:5      | Noticed a shadow
  1285 | D:5      | Found a hazy altar of Hepliaklqana.
  1368 | D:6      | Gained mutation: You have razor-sharp teeth. [Vine Stalker
                  | growth]
  1368 | D:6      | Reached XP level 8. HP: 39/39 MP: 7/9
  1389 | D:6      | Noticed Blork the orc
  1396 | D:6      | Killed Blork the orc
  1465 | D:6      | Noticed Menkaure
  1466 | D:6      | Killed Menkaure
  1467 | D:6      | Reached skill level 7 in Polearms
  1812 | D:7      | Reached skill level 8 in Polearms
  1904 | D:7      | Found Gafrag's Assorted Antiques.
  1907 | D:7      | Reached skill level 5 in Shields
  1917 | D:7      | Reached XP level 9. HP: 43/43 MP: 10/10
  1952 | D:7      | Found a stormy altar of Qazlal.
  1983 | D:7      | Noticed a brown ugly thing
  1987 | D:7      | Killed a brown ugly thing
  1988 | D:7      | Reached skill level 9 in Polearms
  2307 | D:5      | Found a staircase to the Ecumenical Temple.
  2316 | Temple   | Entered the Ecumenical Temple
  2325 | Temple   | Became a worshipper of Ashenzari the Shackled
  2425 | D:8      | Reached skill level 10 in Polearms
  2434 | D:8      | Reached XP level 10. HP: 41/47 MP: 11/11
  2500 | D:8      | Reached skill level 11 in Polearms
  2523 | D:8      | Found a staircase to the Lair.
  2551 | D:9      | Found a transporter.
  2553 | D:9      | Found a bloodstained altar of Trog.
  2554 | D:9      | Noticed a moth of wrath
  2554 | D:9      | Noticed a two-headed ogre
  2554 | D:9      | Noticed a tengu warrior
  2554 | D:9      | Noticed kae's ghost (novice HOFi)
  2558 | D:9      | Demolished by a tengu warrior

Illustrated notes

Levels and vault maps discovered:
D:1:      dpeg_arrival_shrine, layout_rooms,
          shapermc_ecumenical_altar_mp_urbaneastern, serial_co_window_serial,
          co_window_paths_a, co_window_paths_a, co_window_of_opportunity_a,
          co_window_paths_a, co_window_paths_b, co_window_cross_1,
          co_window_corner_a, co_window_unsneaky_path_a, co_window_broadway_b,
          co_window_paths_c, co_window_corner_b, co_window_broadway_c,
          co_window_broadway_a, co_window_paths_e, glass_columns_a,
          glass_columns_a, glass_columns_b, glass_columns_a
D:2:      layout_basic, basic_altar
D:3:      layout_rooms, gammafunk_temple_overflow_forgotten, serial_shops,
          nicolae_lakefront_shop
D:4:      layout_loops_corners, eat_drink_and_be_merry_uskayaw,
          gammafunk_temple_overflow_elements, serial_shops,
          nicolae_shop_gaudy_bauble, nicolae_shop_peninsula, uniq_eustachio,
          uniq_ijyb
D:5:      layout_rooms, riverfiend_overflow_shadow_ancestor, temple_fountains,
          st_stairs_8, minmay_shop_damaged
D:6:      layout_basic, st_stairs_3, uniq_blork_the_orc, uniq_menkaure
D:7:      layout_layer_cave, lemuel_doored_altar, serial_shops,
          nicolae_shop_hallway_stairs, minmay_three_doors
D:8:      layout_cave_pools, grunt_lair_entry_orc_guard_hut, uniq_maurice
D:9:      minmay_ornate_pinched, layout_rooms, trog_ov_bears_minmay,
          gammafunk_ghost_wrathful_warriors, grunt_ministairs_12, wad_scary_box,
          uniq_erica, uniq_harold
Temple:   nicolae_temple_ecumenical_triangle

Skill      XL: |  1  2  3  4  5  6  7  8  9 10 |
---------------+-------------------------------+-----
Axes           | 2 |  2.5
Polearms       | 1 2 3 4 5 6 8 10 11 | 11.3
Evocations     | 2 3 |  3.0
Shields        | 3 5 6 7 |  7.0
Fighting       | |  2.6
Armour         | |  2.4

Action                     |  1- 3 |  4- 6 |  7- 9 | 10-12 || total
---------------------------+-------+-------+-------+-------++-------
  Melee: War axe           |    28 |       |       |       ||    28
         Bite              |     3 |     4 |    17 |     5 ||    29
         Demon trident     |    50 |    31 |   128 |    40 ||   249
    Use: Potion            |       |     1 |       |     1 ||     2
         Scroll            |       |       |       |     1 ||     1
 Armour: Scale mail        |    45 |       |       |       ||    45
         Skin              |     2 |       |       |       ||     2
         Plate armour      |       |    22 |   105 |    23 ||   150
  Dodge: Dodged            |    24 |     4 |    29 |     8 ||    65
  Block: Buckler           |    13 |     8 |       |       ||    21
         Kite shield       |       |       |    42 |    17 ||    59

Table legend: (Time is in decaauts)
 A = Elapsed time spent in this place.
 B = Non-inter-level travel time spent in this place.
 C = Inter-level travel time spent in this place.
 D = Time resting spent in this place.
 E = Time spent auto-exploring this place.
 F = Levels seen in this place.
 G = Mean time per level.
                   A        B        C        D        E       F      G
               +--------+--------+--------+--------+--------+-----+--------+
         Total |   2608 |   2421 |    187 |      0 |      0 |  10 |  260.8 |
       Dungeon |   2589 |   2418 |    171 |      0 |      0 |   9 |  287.7 |
        Temple |     18 |      2 |     16 |      0 |      0 |   1 |   18.0 |
               +--------+--------+--------+--------+--------+-----+--------+

Top non-repeatable levels by time:
     D:7: 573 daAuts
     D:4: 521 daAuts
     D:6: 412 daAuts
     D:3: 356 daAuts
     D:5: 298 daAuts
     D:8: 158 daAuts
     D:1: 142 daAuts
     D:2: 119 daAuts
  Temple: 18 daAuts
     D:9: 6 daAuts
